cohdb
Replays
Latest Replays
All Replays
Popular Replays
Top Player Replays
Match Explorer
How It Works
Community
CoH3 Stats
Reddit
Sign in to upload your games and track your stats! →
Sign in with Steam
Match 41921900
Unlisted
Match 41921900
Overview
Messages
Build Orders
End
Panzergrenadier Squad
Selects Italian Infantry
Panzergrenadier Squad
Construct Light Support Kompanie
Selects Defensive Operations
Fire Support Elements
2.5-tonne Medical Truck
Selects Guastatori Squad
Flakvierling Half-track
Construct Mechanized Kompanie
Marder III Tank Destroyer
Marder III Tank Destroyer
Selects Registered Artillery
Selects Territory Booby Traps
Selects Obice 305mm Barrage
Marder III Tank Destroyer
Selects Registered Artillery
Selects Territory Booby Traps
Selects Obice 305mm Barrage
Эпичный WarNooB
pete748
0
0
Comments
sign in to comment!
No comments posted yet!